Map: Waterfall

Players

LiquidElazer (Elazer) - Winner!

  • Race: Zerg Zerg
  • League: Master
  • Spawn Location: 7:00

Nicoract

  • Race: Terran Terran
  • League: Grandmaster
  • Spawn Location: 1:00

VOD

Have the link to the VOD?

Description

Time

  • Played on: Oct. 19, 2022, 12:33 p.m.
  • Length: 5:25
Show
View Real Time Build Order
Export as new Build Order

LiquidElazer Zerg - Winner!

Build Orders: Hatch First 

Get SALT Encoding   

  12  0:00  Drone  
  13  0:12  Overlord  
  13  0:17  Drone  
  14  0:30  Drone x2  
  16  0:47  Hatchery  
  15  0:50  Drone  
  15  0:54  Drone  
  17  0:57  Drone  
  18  1:07  Extractor  
  17  1:12  Spawning Pool  
  17  1:15  Drone  
  17  1:19  Drone  
  18  1:28  Drone  
  19  1:38  Drone  
  20  1:50  Drone  
  21  1:59  Queen x2  
  21  2:00  Zergling x4  
  27  2:10  Metabolic Boost, Drone  
  27  2:11  Overlord  
  28  2:30  Hatchery  
  28  2:33  Drone x2  
  28  2:35  Drone  
  30  2:37  Drone  
  31  2:44  Queen  
  31  2:49  Overlord  
  33  2:53  Drone  
  33  2:56  Drone x2  
  36  3:06  Overlord  
  36  3:07  Drone x3  
  36  3:09  Drone  
  40  3:14  Queen  
  42  3:20  Queen  
  42  3:25  Drone  
  42  3:26  Drone  
  46  3:27  Overlord  
  46  3:31  Zergling x2  
  47  3:36  Drone  
  48  3:42  Drone x5  
  48  3:44  Queen  
  55  3:49  Drone  
  55  3:51  Queen  
  58  3:57  Drone x4  
  58  4:01  Overlord  
  62  4:08  Baneling Nest, Queen  
  63  4:12  Overlord  
  63  4:16  Drone x3  
  66  4:19  Drone x3  
  66  4:21  Overlord  
  69  4:30  Zergling x12  
  75  4:33  Queen  
  75  4:37  Queen  
  79  4:40  Zergling x2  
  79  4:41  Zergling x4  
  79  4:45  Overlord  
  82  4:49  Zergling x8  
  86  4:54  Overlord  
  86  4:58  Overlord  
Show
View Real Time Build Order
Export as new Build Order

Nicoract Terran 

Build Orders: Reaper Expand 

Get SALT Encoding   

  12  0:00  SCV  
  13  0:12  SCV  
  14  0:17  Supply Depot  
  14  0:24  SCV  
  15  0:38  SCV  
  15  0:39  Barracks  
  16  0:43  Refinery  
  16  0:51  SCV  
  17  1:03  SCV  
  18  1:15  SCV  
  19  1:27  Reaper, Orbital Command  
  20  1:40  Command Center  
  20  1:49  Supply Depot  
  20  1:53  SCV  
  21  1:59  Marine  
  22  2:04  Barracks  
  22  2:08  SCV  
  23  2:12  Refinery  
  23  2:17  Barracks Reactor  
  23  2:20  SCV  
  24  2:27  Factory  
  24  2:32  SCV  
  24  2:44  SCV  
  24  2:50  Barracks Tech Lab  
  25  2:52  Orbital Command  
  25  2:53  Marine  
  25  2:54  Marine  
  25  2:57  SCV  
  28  3:09  SCV, Marine  
  30  3:15  Marine, Factory Reactor, Starport  
  30  3:16  Marine  
  30  3:18  SCV  
  33  3:22  SCV  
  34  3:28  Stimpack  
  34  3:30  Supply Depot  
  34  3:31  SCV  
  34  3:33  Marine  
  36  3:35  Marine  
  36  3:36  Marine  
  36  3:39  SCV  
  39  3:43  SCV  
  40  3:51  SCV  
  40  3:52  Supply Depot  
  40  3:55  SCV  
  42  3:57  Marine x3  
  42  4:01  Medivac x2  
  49  4:05  SCV  
  49  4:07  SCV  
  51  4:14  Marine  
  51  4:15  Marine x2  
  54  4:17  Factory Reactor  
  54  4:20  SCV x2, Barracks  
  56  4:26  Supply Depot  
  56  4:29  Supply Depot  
  56  4:32  SCV x2, Marine  
  56  4:33  Marine  
  56  4:35  Marine  
  61  4:42  Engineering Bay  
  61  4:44  SCV  
  61  4:45  Engineering Bay  
  62  4:49  SCV  
  62  4:50  Supply Depot  
  62  4:51  Marine  
  64  5:03  Supply Depot, SCV x2  
Tags
 
Add a new tag
Caveats
  • Supply blocks, unpowered buildings, or Contaminate may cause inaccurate times.
  • Supply counts are checked every 10 seconds.